Workbook

Sheet Financial Statements
I1: Documentation
B2: Schaffer Corporation Limited | I2: This is an area where we can put documentation.
B3: Statements of Changes in Equity
B4: Years ended June 30
D5: =+E5+1 -> 2020 | E5: =+F5+1 -> 2019 | F5: =+G5+1 -> 2018 | G5: 2017
D6: =+G6 -> $'000 | E6: =+G6 -> $'000 | F6: =+G6 -> $'000 | G6: $'000
B7: Opening Balance at July 1 | D7: 116044 | E7: 102586 | F7: 83705 | G7: 79187
B8: Profit for the year | D8: 27153 | E8: 27700 | F8: 28160 | G8: 7546
A9: F | B9: Other comprehensive income | D9: 478 | E9: 723 | F9: 1343 | G9: 1589
B10: Total comprehensive income for the year | D10: =SUM(D8:D9) -> 27631 | E10: =SUM(E8:E9) -> 28423 | F10: =SUM(F8:F9) -> 29503 | G10: =SUM(G8:G9) -> 9135
B11: Transactions with owners in their capacity as owners
B12: Shares acquired under buy-back scheme | D12: -3166 | E12: -719 | F12: -2043
B13: Share-based payments | D13: 90 | E13: 68 | F13: 40 | G13: 62
B14: Changes in estimated settlement of EPU's | F14: -2070
B15: Equity dividends | D15: -17202 | E15: -14484 | F15: -6549 | G15: -4679
B16: Employee share options exercised | D16: 402 | E16: 170
B17: Closing Balance at June 30 | D17: =SUM(D7,D10:D16) -> 123799 | E17: =SUM(E7,E10:E16) -> 116044 | F17: =SUM(F7,F10:F16) -> 102586 | G17: =SUM(G7,G10:G16) -> 83705
I24: Notes Area
B25: =+B2 -> Schaffer Corporation Limited | I25: This area is designed as a space to write notes to yourself. Hopefully this will save you the hassle of attempting to find the pen and paper that is somewhere in the bottom of your bag.
B26: Balance Sheets
B27: as at June 30
D28: =+D5 -> 2020 | E28: =+E5 -> 2019 | F28: =+F5 -> 2018 | G28: =+G5 -> 2017
D29: =+G6 -> $'000 | E29: =+G6 -> $'000 | F29: =+G6 -> $'000 | G29: =+G6 -> $'000
B30: ASSETS
B31: Current Assets
A32: OF | B32: Cash and cash equivalents | D32: 35016 | E32: 17371 | F32: 25938
A33: OF | B33: Cash and short term deposits | G33: 11417
A34: O | B34: Trade and other receivables | D34: 17496 | E34: 29310 | F34: 42762 | G34: 43663
A35: O | B35: Inventories | D35: 40909 | E35: 40062 | F35: 39604 | G35: 50382
A36: O | B36: Contract assets | D36: 2589 | E36: 3553
A37: O | B37: Prepayments and deposits | D37: 2075 | E37: 4976 | F37: 2065 | G37: 2127
A38: F | B38: Derivative financial instruments | D38: 166 | E38: 131 | F38: 1413
A39: F | B39: Other financial assets | E39: 19336 | F39: 6000
D40: =SUM(D32:D39) -> 98251 | E40: =SUM(E32:E39) -> 114739 | F40: =SUM(F32:F39) -> 117782 | G40: =SUM(G32:G39) -> 107589
A41: O | B41: Non-current assets classified as held for sale | G41: 4254
B42: Total current assets | D42: =SUM(D40:D41) -> 98251 | E42: =SUM(E40:E41) -> 114739 | F42: =SUM(F40:F41) -> 117782 | G42: =SUM(G40:G41) -> 111843
B43: Non-current assets
A44: F | B44: Receivables | G44: 216
A45: O | B45: Property, plant and equipment | D45: 13637 | E45: 26766 | F45: 27645 | G45: 37290
A46: F | B46: Investment properties | D46: 31794 | E46: 29576 | F46: 28678 | G46: 25406
A47: F | B47: Right-of-use assets | D47: 37834
A48: F | B48: Investment in associate | D48: 311
A49: O | B49: Deffered income tax asset | D49: 5075 | E49: 7552 | F49: 6076 | G49: 2284
A50: O | B50: Goodwill | D50: 1299 | E50: 1299 | F50: 1299 | G50: 1299
A51: F | B51: Other finanncial assets | D51: 54957 | E51: 28278 | F51: 13733 | G51: 6620
B52: Total non-current assets | D52: =SUM(D44:D51) -> 144907 | E52: =SUM(E44:E51) -> 93471 | F52: =SUM(F44:F51) -> 77431 | G52: =SUM(G44:G51) -> 73115
B53: Total assets | D53: =SUM(D42,D52) -> 243158 | E53: =SUM(E52,E42) -> 208210 | F53: =F42+F52 -> 195213 | G53: =SUM(G52+G42) -> 184958
B55: LIABILITIES
B56: Current Liabilities
A57: O | B57: Trade and other payables | D57: 12485 | E57: 27000 | F57: 28894 | G57: 32435
A58: O | B58: Contract liabilities | D58: 277 | E58: 415
A59: F | B59: Interest-bearing loand and borrowings | D59: 13499 | E59: 15255 | F59: 2356 | G59: 15355
A60: F | B60: Lease liabilites | D60: 5438 | E60: 3075
A61: O | B61: Income tax payable | E61: 4827 | F61: 9992 | G61: 1361
A62: O | B62: Provisions | D62: 6804 | E62: 8895 | F62: 10600 | G62: 7892
A63: O | B63: Derivative financial instruments | D63: 1762 | E63: 711 | F63: 46 | G63: 895
A64: O | B64: Non-current liabilities classified as held for sale | G64: 5
B65: Total current liabilities | D65: =SUM(D57:D64) -> 40265 | E65: =SUM(E57:E64) -> 60178 | F65: =SUM(F57:F64) -> 51888 | G65: =SUM(G57:G64) -> 57943
B67: Non-current liabilities
A68: F | B68: Interest-bearing loans and borrowings | D68: 39834 | E68: 13996 | F68: 30894 | G68: 39859
A69: F | B69: Lease liabilities | D69: 28186 | E69: 5916
A70: F | B70: Deferred income tax liabilities | D70: 2235 | E70: 2107 | F70: 2390 | G70: 2186
A71: O | B71: Provisions | D71: 8839 | E71: 9969 | F71: 7455 | G71: 1265
B72: Total non-current liabilities | D72: =SUM(D68:D71) -> 79094 | E72: =SUM(E68:E71) -> 31988 | F72: =SUM(F68:F71) -> 40739 | G72: =SUM(G68:G71) -> 43310
B73: Total liabilities | D73: =SUM(D65,D72) -> 119359 | E73: =SUM(E65,E72) -> 92166 | F73: =SUM(F65,F72) -> 92627 | G73: =SUM(G65,G72) -> 101253
B74: Net assets | D74: =D53-D73 -> 123799 | E74: =E53-E73 -> 116044 | F74: =F53-F73 -> 102586 | G74: =G53-G73 -> 83705
B76: EQUITY
B77: Equity attributable to equity holders of the partent
B78: Issued capital | D78: 11227 | E78: 13991 | F78: 14540 | G78: 16583
B79: Reserves | D79: 3488 | E79: 2978 | F79: 4221 | G79: 4935
B80: Retrained earnings | D80: 100522 | E80: 88643 | F80: 72101 | G80: 52867
B81: Total parent entity interest in equity | D81: =SUM(D78:D80) -> 115237 | E81: =SUM(E78:E80) -> 105612 | F81: =SUM(F78:F80) -> 90862 | G81: =SUM(G78:G80) -> 74385
B82: Non-controlling interests | D82: 8562 | E82: 10432 | F82: 11724 | G82: 9320
B83: Total equity | D83: =SUM(D81:D82) -> 123799 | E83: =SUM(E81:E82) -> 116044 | F83: =SUM(F81:F82) -> 102586 | G83: =SUM(G81:G82) -> 83705
B89: =+B2 -> Schaffer Corporation Limited
B90: Income Statements
B91: =+B4 -> Years ended June 30
D92: =D5 -> 2020 | E92: =E5 -> 2019 | F92: =F5 -> 2018 | G92: =G5 -> 2017
D93: =+G6 -> $'000 | E93: =+G6 -> $'000 | F93: =+G6 -> $'000 | G93: =+G6 -> $'000
A94: O | B94: Revenue
A95: O | B95: Sale of goods | F95: 204135 | G95: 166930
A96: O | B96: Revenue from contracts with customers | D96: 148703 | E96: 196586
A97: O | B97: Construction services | F97: 17033 | G97: 16251
A98: O | B98: Rental Income | D98: 5422 | E98: 5875 | F98: 5559 | G98: 5275
A99: O | B99: Finance Income | D99: 513 | E99: 681 | F99: 272 | G99: 46
A100: F | B100: Distribution from managed funds | D100: 935 | E100: 481 | F100: 37
B101: Total Revenue | D101: =SUM(D95:D100) -> 155573 | E101: =SUM(E95:E100) -> 203623 | F101: =SUM(F95:F100) -> 227036 | G101: =SUM(G95:G100) -> 188502
A102: O | B102: Cost of sales and services rendered | D102: -111679 | E102: -143701 | F102: -164413 | G102: -160105
B103: Gross profit | D103: =SUM(D101:D102) -> 43894 | E103: =SUM(E101:E102) -> 59922 | F103: =SUM(F101:F102) -> 62623 | G103: =SUM(G101:G102) -> 28397
B104: Expenses
A105: O | B105: Impairment of property, plant and equipment | D105: -1448 | F105: -4500
A106: O | B106: Impairment of investment property | D106: 1221 | E106: -1221
A107: F | B107: Share of profit of assosiate | D107: 11
A108: F | B108: Other (losses)income | D108: 9722 | E108: 2126 | F108: 240 | G108: -992
A109: O | B109: Marketing expenses | D109: -623 | E109: -628 | F109: -613 | G109: -563
A110: O | B110: Administrative expenses | D110: -11607 | E110: -19198 | F110: -21374 | G110: -12098
B111: Profit before tax finance costs | D111: =SUM(D103:D110) -> 41170 | E111: =SUM(E103:E110) -> 41001 | F111: =SUM(F103:F110) -> 36376 | G111: =SUM(G103:G110) -> 14744
A112: F | B112: Finance costs | D112: -2640 | E112: -2433 | F112: -2112 | G112: -2860
B113: Profit before income tax | D113: =SUM(D111:D112) -> 38530 | E113: =SUM(E111:E112) -> 38568 | F113: =SUM(F111:F112) -> 34264 | G113: =SUM(G111:G112) -> 11884
A114: OF | B114: Income tax expense | D114: -11377 | E114: -10868 | F114: -10349 | G114: -3057
...

Sheet Restated Financial Statements
P1: Documentation
B2: =+'Financial Statements'!B2:G2 -> Schaffer Corporation Limited | P2: This is an area where we can put documentation.
B3: Restated Statements of Changes in Equity
B4: =+'Financial Statements'!B4:G4 -> Years ended June 30
D5: 2004 | E5: 2005 | F5: 2006 | G5: 2007 | H5: 2008 | I5: 2009 | J5: =+'Financial Statements'!D5 -> 2020 | K5: =+'Financial Statements'!E5 -> 2019 | L5: =+'Financial Statements'!F5 -> 2018 | M5: =+'Financial Statements'!G5 -> 2017
D6: $'000 | E6: $'000 | F6: $'000 | G6: $'000 | H6: $'000 | I6: $'000 | J6: =+K6 -> $'000 | K6: =+M6 -> $'000 | L6: =+M6 -> $'000 | M6: =+'Financial Statements'!G6 -> $'000
B8: ='Financial Statements'!B7 -> Opening Balance at July 1 | J8: ='Financial Statements'!D7 -> 116044 | K8: ='Financial Statements'!E7 -> 102586 | L8: ='Financial Statements'!F7 -> 83705 | M8: ='Financial Statements'!G7 -> 79187
B9: ='Financial Statements'!B8 -> Profit for the year | J9: ='Financial Statements'!D8 -> 27153 | K9: ='Financial Statements'!E8 -> 27700 | L9: ='Financial Statements'!F8 -> 28160 | M9: ='Financial Statements'!G8 -> 7546
B10: Other Comprehensive Income
B11: Other Financial CI
B12: ='Financial Statements'!B9 -> Other comprehensive income | J12: ='Financial Statements'!D9 -> 478 | K12: ='Financial Statements'!E9 -> 723 | L12: ='Financial Statements'!F9 -> 1343 | M12: ='Financial Statements'!G9 -> 1589
B13: Total Financial CI | J13: =J12 -> 478 | K13: =K12 -> 723 | L13: =L12 -> 1343 | M13: =M12 -> 1589
B14: Other Operational CI
B15: Total Operational CI | J15: 0 | K15: 0 | L15: 0 | M15: 0
B16: Total Comprehensive Income | J16: =J9+J13+J15 -> 27631 | K16: =K9+K13+K15 -> 28423 | L16: =L9+L13+L15 -> 29503 | M16: =M9+M13+M15 -> 9135
B17: Transactions With Shareholders
B18: ='Financial Statements'!B12 -> Shares acquired under buy-back scheme | J18: ='Financial Statements'!D12 -> -3166 | K18: ='Financial Statements'!E12 -> -719 | L18: ='Financial Statements'!F12 -> -2043 | M18: ='Financial Statements'!G12 -> 0
B19: ='Financial Statements'!B13 -> Share-based payments | J19: ='Financial Statements'!D13 -> 90 | K19: ='Financial Statements'!E13 -> 68 | L19: ='Financial Statements'!F13 -> 40 | M19: ='Financial Statements'!G13 -> 62
B20: ='Financial Statements'!B14 -> Changes in estimated settlement of EPU's | J20: ='Financial Statements'!D14 -> 0 | K20: ='Financial Statements'!E14 -> 0 | L20: ='Financial Statements'!F14 -> -2070 | M20: ='Financial Statements'!G14 -> 0
B21: ='Financial Statements'!B15 -> Equity dividends | J21: ='Financial Statements'!D15 -> -17202 | K21: ='Financial Statements'!E15 -> -14484 | L21: ='Financial Statements'!F15 -> -6549 | M21: ='Financial Statements'!G15 -> -4679
B22: ='Financial Statements'!B16 -> Employee share options exercised | J22: ='Financial Statements'!D16 -> 402 | K22: ='Financial Statements'!E16 -> 170 | L22: ='Financial Statements'!F16 -> 0 | M22: ='Financial Statements'!G16 -> 0
B23: ='Financial Statements'!B17 -> Closing Balance at June 30 | J23: =J8+J16+SUM(J18:J22) -> 123799 | K23: =K8+K16+SUM(K18:K22) -> 116044 | L23: =L8+L16+SUM(L18:L22) -> 102586 | M23: =M8+M16+SUM(M18:M22) -> 83705
P27: Notes Area
P28: This area is designed as a space to write notes to yourself. Hopefully this will save you the hassle of attempting to find the pen and paper that is somewhere in the bottom of your bag.
B30: =+'Financial Statements'!B2:G2 -> Schaffer Corporation Limited
B31: Restated Statements of Financial Position
B32: =+'Financial Statements'!B27:G27 -> as at June 30
D33: 2004 | E33: 2005 | F33: 2006 | G33: 2007 | H33: 2008 | I33: 2009 | J33: =+'Financial Statements'!D5 -> 2020 | K33: =+'Financial Statements'!E5 -> 2019 | L33: =+'Financial Statements'!F5 -> 2018 | M33: =+'Financial Statements'!G5 -> 2017
D34: $'000 | E34: $'000 | F34: $'000 | G34: $'000 | H34: $'000 | I34: $'000 | J34: =+K34 -> $'000 | K34: =+K6 -> $'000 | L34: =+L6 -> $'000 | M34: =+M6 -> $'000
B36: Operating Assets
B37: ='Financial Statements'!B32 -> Cash and cash equivalents | J37: =J145 -> 1555.73 | K37: =K145 -> 2036.23 | L37: =L145 -> 2270.36 | M37: =M145 -> 1885.02
B38: ='Financial Statements'!B34 -> Trade and other receivables | J38: ='Financial Statements'!D34 -> 17496 | K38: ='Financial Statements'!E34 -> 29310 | L38: ='Financial Statements'!F34 -> 42762 | M38: ='Financial Statements'!G34 -> 43663
B39: ='Financial Statements'!B35 -> Inventories | J39: ='Financial Statements'!D35 -> 40909 | K39: ='Financial Statements'!E35 -> 40062 | L39: ='Financial Statements'!F35 -> 39604 | M39: ='Financial Statements'!G35 -> 50382
B40: ='Financial Statements'!B36 -> Contract assets | J40: ='Financial Statements'!D36 -> 2589 | K40: ='Financial Statements'!E36 -> 3553 | L40: ='Financial Statements'!F36 -> 0 | M40: ='Financial Statements'!G36 -> 0
B41: ='Financial Statements'!B37 -> Prepayments and deposits | J41: ='Financial Statements'!D37 -> 2075 | K41: ='Financial Statements'!E37 -> 4976 | L41: ='Financial Statements'!F37 -> 2065 | M41: ='Financial Statements'!G37 -> 2127
B42: ='Financial Statements'!B41 -> Non-current assets classified as held for sale | M42: ='Financial Statements'!G41 -> 4254
B43: ='Financial Statements'!B45 -> Property, plant and equipment | J43: ='Financial Statements'!D45 -> 13637 | K43: ='Financial Statements'!E45 -> 26766 | L43: ='Financial Statements'!F45 -> 27645 | M43: ='Financial Statements'!G45 -> 37290
B44: ='Financial Statements'!B49 -> Deffered income tax asset | J44: ='Financial Statements'!D49 -> 5075 | K44: ='Financial Statements'!E49 -> 7552 | L44: ='Financial Statements'!F49 -> 6076 | M44: ='Financial Statements'!G49 -> 2284
B45: ='Financial Statements'!B50 -> Goodwill | J45: ='Financial Statements'!D50 -> 1299 | K45: ='Financial Statements'!E50 -> 1299 | L45: ='Financial Statements'!F50 -> 1299 | M45: ='Financial Statements'!G50 -> 1299
B46: Total of Operating Assets | J46: =SUM(J37:J45) -> 84635.73 | K46: =SUM(K37:K45) -> 115554.23 | L46: =SUM(L37:L45) -> 121721.36 | M46: =SUM(M37:M45) -> 143184.02
B47: Operating Liabilities
B48: ='Financial Statements'!B57 -> Trade and other payables | J48: ='Financial Statements'!D57 -> 12485 | K48: ='Financial Statements'!E57 -> 27000 | L48: ='Financial Statements'!F57 -> 28894 | M48: ='Financial Statements'!G57 -> 32435
B49: ='Financial Statements'!B58 -> Contract liabilities | J49: ='Financial Statements'!D58 -> 277 | K49: ='Financial Statements'!E58 -> 415 | L49: ='Financial Statements'!F58 -> 0 | M49: ='Financial Statements'!G58 -> 0
B50: ='Financial Statements'!B61 -> Income tax payable | J50: ='Financial Statements'!D61 -> 0 | K50: ='Financial Statements'!E61 -> 4827 | L50: ='Financial Statements'!F61 -> 9992 | M50: ='Financial Statements'!G61 -> 1361
B51: ='Financial Statements'!B62 -> Provisions | J51: ='Financial Statements'!D62 -> 6804 | K51: ='Financial Statements'!E62 -> 8895 | L51: ='Financial Statements'!F62 -> 10600 | M51: ='Financial Statements'!G62 -> 7892
B52: ='Financial Statements'!B63 -> Derivative financial instruments | J52: ='Financial Statements'!D63 -> 1762 | K52: ='Financial Statements'!E63 -> 711 | L52: ='Financial Statements'!F63 -> 46 | M52: ='Financial Statements'!G63 -> 895
B53: ='Financial Statements'!B64 -> Non-current liabilities classified as held for sale | J53: ='Financial Statements'!D64 -> 0 | K53: ='Financial Statements'!E64 -> 0 | L53: ='Financial Statements'!F64 -> 0 | M53: ='Financial Statements'!G64 -> 5
B54: ='Financial Statements'!B71 -> Provisions | J54: ='Financial Statements'!D71 -> 8839 | K54: ='Financial Statements'!E71 -> 9969 | L54: ='Financial Statements'!F71 -> 7455 | M54: ='Financial Statements'!G71 -> 1265
B55: Total of Operating Liabilities | J55: =SUM(J48:J54) -> 30167 | K55: =SUM(K48:K54) -> 51817 | L55: =SUM(L48:L54) -> 56987 | M55: =SUM(M48:M54) -> 43853
B56: Net Operation Assets (NOA) | J56: =SUM(J46-J55) -> 54468.73 | K56: =SUM(K46-K55) -> 63737.23 | L56: =SUM(L46-L55) -> 64734.36 | M56: =SUM(M46-M55) -> 99331.02
B57: Financial Obligations
B58: ='Financial Statements'!B59 -> Interest-bearing loand and borrowings | J58: ='Financial Statements'!D59 -> 13499 | K58: ='Financial Statements'!E59 -> 15255 | L58: ='Financial Statements'!F59 -> 2356 | M58: ='Financial Statements'!G59 -> 15355
B59: ='Financial Statements'!B60 -> Lease liabilites | J59: ='Financial Statements'!D60 -> 5438 | K59: ='Financial Statements'!E60 -> 3075 | L59: ='Financial Statements'!F60 -> 0 | M59: ='Financial Statements'!G60 -> 0
B60: ='Financial Statements'!B68 -> Interest-bearing loans and borrowings | J60: ='Financial Statements'!D68 -> 39834 | K60: ='Financial Statements'!E68 -> 13996 | L60: ='Financial Statements'!F68 -> 30894 | M60: ='Financial Statements'!G68 -> 39859
B61: ='Financial Statements'!B69 -> Lease liabilities | J61: ='Financial Statements'!D69 -> 28186 | K61: ='Financial Statements'!E69 -> 5916 | L61: ='Financial Statements'!F69 -> 0 | M61: ='Financial Statements'!G69 -> 0
B62: ='Financial Statements'!B70 -> Deferred income tax liabilities | J62: ='Financial Statements'!D70 -> 2235 | K62: ='Financial Statements'!E70 -> 2107 | L62: ='Financial Statements'!F70 -> 2390 | M62: ='Financial Statements'!G70 -> 2186
B63: Total Financial Obligations | J63: =SUM(J58:J62) -> 89192 | K63: =SUM(K58:K62) -> 40349 | L63: =SUM(L58:L62) -> 35640 | M63: =SUM(M58:M62) -> 57400
B64: Financial Assets
B65: ='Financial Statements'!B32 -> Cash and cash equivalents | J65: =J146 -> 33460.27 | K65: =K146 -> 15334.77 | L65: =L146 -> 23667.64 | M65: =M146 -> 9531.98
B66: ='Financial Statements'!B38 -> Derivative financial instruments | J66: ='Financial Statements'!D38 -> 166 | K66: ='Financial Statements'!E38 -> 131 | L66: ='Financial Statements'!F38 -> 1413 | M66: ='Financial Statements'!G38 -> 0
B67: ='Financial Statements'!B39 -> Other financial assets | J67: ='Financial Statements'!D39 -> 0 | K67: ='Financial Statements'!E39 -> 19336 | L67: ='Financial Statements'!F39 -> 6000 | M67: ='Financial Statements'!G39 -> 0
B68: ='Financial Statements'!B44 -> Receivables | J68: ='Financial Statements'!D44 -> 0 | K68: ='Financial Statements'!E44 -> 0 | L68: ='Financial Statements'!F44 -> 0 | M68: ='Financial Statements'!G44 -> 216
B69: ='Financial Statements'!B46 -> Investment properties | J69: ='Financial Statements'!D46 -> 31794 | K69: ='Financial Statements'!E46 -> 29576 | L69: ='Financial Statements'!F46 -> 28678 | M69: ='Financial Statements'!G46 -> 25406
B70: ='Financial Statements'!B47 -> Right-of-use assets | J70: ='Financial Statements'!D47 -> 37834 | K70: ='Financial Statements'!E47 -> 0 | L70: ='Financial Statements'!F47 -> 0 | M70: ='Financial Statements'!G47 -> 0
B71: ='Financial Statements'!B48 -> Investment in associate | J71: ='Financial Statements'!D48 -> 311 | K71: ='Financial Statements'!E48 -> 0 | L71: ='Financial Statements'!F48 -> 0 | M71: ='Financial Statements'!G48 -> 0
B72: ='Financial Statements'!B51 -> Other finanncial assets | J72: ='Financial Statements'!D51 -> 54957 | K72: ='Financial Statements'!E51 -> 28278 | L72: ='Financial Statements'!F51 -> 13733 | M72: ='Financial Statements'!G51 -> 6620
B73: Total Financial Assets | J73: =SUM(J65:J72) -> 158522.27 | K73: =SUM(K65:K72) -> 92655.77 | L73: =SUM(L65:L72) -> 73491.64 | M73: =SUM(M65:M72) -> 41773.98
B74: Net Financial Assets (NFA) or Net Financial Obligations (NFO) | J74: =SUM(J63-J73) -> -69330.27 | K74: =SUM(K63-K73) -> -52306.77 | L74: =SUM(L63-L73) -> -37851.64 | M74: =SUM(M63-M73) -> 15626.02
B75: Equity
B76: ='Financial Statements'!B77 -> Equity attributable to equity holders of the partent
B77: ='Financial Statements'!B78 -> Issued capital | J77: ='Financial Statements'!D78 -> 11227 | K77: ='Financial Statements'!E78 -> 13991 | L77: ='Financial Statements'!F78 -> 14540 | M77: ='Financial Statements'!G78 -> 16583
B78: ='Financial Statements'!B79 -> Reserves | J78: ='Financial Statements'!D79 -> 3488 | K78: ='Financial Statements'!E79 -> 2978 | L78: ='Financial Statements'!F79 -> 4221 | M78: ='Financial Statements'!G79 -> 4935
B79: ='Financial Statements'!B80 -> Retrained earnings | J79: ='Financial Statements'!D80 -> 100522 | K79: ='Financial Statements'!E80 -> 88643 | L79: ='Financial Statements'!F80 -> 72101 | M79: ='Financial Statements'!G80 -> 52867
B80: ='Financial Statements'!B82 -> Non-controlling interests | J80: ='Financial Statements'!D82 -> 8562 | K80: ='Financial Statements'!E82 -> 10432 | L80: ='Financial Statements'!F82 -> 11724 | M80: ='Financial Statements'!G82 -> 9320
B81: Total Equity | J81: =SUM(J77:J80) -> 123799 | K81: =SUM(K77:K80) -> 116044 | L81: =SUM(L77:L80) -> 102586 | M81: =SUM(M77:M80) -> 83705
B82: Net Financial Obligations + Equity | J82: =SUM(J81+J74) -> 54468.73 | K82: =SUM(K81+K74) -> 63737.23 | L82: =SUM(L81+L74) -> 64734.36 | M82: =SUM(M81+M74) -> 99331.02
B84: =+'Financial Statements'!B2:G2 -> Schaffer Corporation Limited
B85: Restated Statements of Financial Performance
B86: =+'Financial Statements'!B4:G4 -> Years ended June 30
D87: 2004 | E87: 2005 | F87: 2006 | G87: 2007 | H87: 2008 | I87: 2009 | J87: =+J5 -> 2020 | K87: =+K5 -> 2019 | L87: =+L5 -> 2018 | M87: =+M5 -> 2017
D88: $'000 | E88: $'000 | F88: $'000 | G88: $'000 | H88: $'000 | I88: $'000 | J88: =+J6 -> $'000 | K88: =+K6 -> $'000 | L88: =+L6 -> $'000 | M88: =+M6 -> $'000
B89: Operating Income
B90: ='Financial Statements'!B94 -> Revenue
B91: ='Financial Statements'!B95 -> Sale of goods | J91: ='Financial Statements'!D95 -> 0 | K91: ='Financial Statements'!E95 -> 0 | L91: ='Financial Statements'!F95 -> 204135 | M91: ='Financial Statements'!G95 -> 166930
B92: ='Financial Statements'!B96 -> Revenue from contracts with customers | J92: ='Financial Statements'!D96 -> 148703 | K92: ='Financial Statements'!E96 -> 196586 | L92: ='Financial Statements'!F96 -> 0 | M92: ='Financial Statements'!G96 -> 0
B93: ='Financial Statements'!B97 -> Construction services | J93: ='Financial Statements'!D97 -> 0 | K93: ='Financial Statements'!E97 -> 0 | L93: ='Financial Statements'!F97 -> 17033 | M93: ='Financial Statements'!G97 -> 16251
B94: ='Financial Statements'!B98 -> Rental Income | J94: ='Financial Statements'!D98 -> 5422 | K94: ='Financial Statements'!E98 -> 5875 | L94: ='Financial Statements'!F98 -> 5559 | M94: ='Financial Statements'!G98 -> 5275
B95: ='Financial Statements'!B99 -> Finance Income | J95: ='Financial Statements'!D99 -> 513 | K95: ='Financial Statements'!E99 -> 681 | L95: ='Financial Statements'!F99 -> 272 | M95: ='Financial Statements'!G99 -> 46
B96: ='Financial Statements'!B116 -> Profit/(loss) after tax from discontinued operations | J96: ='Financial Statements'!D116 -> 0 | K96: ='Financial Statements'!E116 -> 0 | L96: ='Financial Statements'!F116 -> 4245 | M96: ='Financial Statements'!G116 -> -1281
B97: Total Operating Income | J97: =SUM(J91:J96) -> 154638 | K97: =SUM(K91:K96) -> 203142 | L97: =SUM(L91:L96) -> 231244 | M97: =SUM(M91:M96) -> 187221
B98: ='Financial Statements'!B102 -> Cost of sales and services rendered | J98: ='Financial Statements'!D102 -> -111679 | K98: ='Financial Statements'!E102 -> -143701 | L98: ='Financial Statements'!F102 -> -164413 | M98: ='Financial Statements'!G102 -> -160105
B99: ='Financial Statements'!B103 -> Gross profit | J99: =SUM(J97:J98) -> 42959 | K99: =SUM(K97:K98) -> 59441 | L99: =SUM(L97:L98) -> 66831 | M99: =SUM(M97:M98) -> 27116
B100: Operating Expenses
B101: ='Financial Statements'!B105 -> Impairment of property, plant and equipment | J101: ='Financial Statements'!D105 -> -1448 | K101: ='Financial Statements'!E105 -> 0 | L101: ='Financial Statements'!F105 -> -4500 | M101: ='Financial Statements'!G105 -> 0
B102: ='Financial Statements'!B106 -> Impairment of investment property | J102: ='Financial Statements'!D106 -> 1221 | K102: ='Financial Statements'!E106 -> -1221 | L102: ='Financial Statements'!F106 -> 0 | M102: ='Financial Statements'!G106 -> 0
B103: ='Financial Statements'!B109 -> Marketing expenses | J103: ='Financial Statements'!D109 -> -623 | K103: ='Financial Statements'!E109 -> -628 | L103: ='Financial Statements'!F109 -> -613 | M103: ='Financial Statements'!G109 -> -563
B104: ='Financial Statements'!B110 -> Administrative expenses | J104: ='Financial Statements'!D110 -> -11607 | K104: ='Financial Statements'!E110 -> -19198 | L104: ='Financial Statements'!F110 -> -21374 | M104: ='Financial Statements'!G110 -> -12098
B105: Total Operating Expenses | J105: =SUM(J101:J104) -> -12457 | K105: =SUM(K101:K104) -> -21047 | L105: =SUM(L101:L104) -> -26487 | M105: =SUM(M101:M104) -> -12661
B106: ='Financial Statements'!B111 -> Profit before tax finance costs | J106: =J99+J105 -> 30502 | K106: =K99+K105 -> 38394 | L106: =L99+L105 -> 40344 | M106: =M99+M105 -> 14455
B107: Tax Benefit
...

Sheet Ratios
J1: Documentation
B2: =+'Financial Statements'!B2:G2 -> Schaffer Corporation Limited | J2: This is an area where we can put documentation.
B3: RATIOS
B4: =+'Financial Statements'!B4:G4 -> Years ended June 30
D5: =+'Financial Statements'!D5 -> 2020 | E5: =+'Financial Statements'!E5 -> 2019 | F5: =+'Financial Statements'!F5 -> 2018 | G5: =+'Financial Statements'!G5 -> 2017
B6: Profitability Ratios
B7: Gross Profit Margin | C7: Gross profit/sales | G7: 0.1926
B8: Net Profit Margin | C8: Net profit after tax/sales
B9: Return on Assets | C9: Net profit after tax/total assets
B11: Efficiency (or Asset Management) Ratios
B12: Inventory Turnover Ratio | C12: Cost of goods sold/ending inventory | G12: 1.892
B13: Days of Inventory | C13: Inventory/av.daily cost of goods sold
B14: Total Asset Turnover Ratio | C14: Sales/total assets
B15: Current Asset Turnover Ratio | C15: Sales/current assets
B16: Average Collection Period (Days Receivable) | C16: Accounts receivable/av.daily credit sales
B18: Liquidity Ratios
B19: Current Ratio | C19: Current assets/current liabilities | J19: Notes Area
B20: Quick Ratio 1 | C20: (Current assets - inventory - prepayments)/current liabilities | G20: 0.009 | J20: This area is designed as a space to write notes to yourself. Hopefully this will save you the hassle of attempting to find the pen and paper that is somewhere in the bottom of your bag.
B21: Quick Ratio 2 | C21: (Current assets - inventory - prepayments - receivables)/current liabilities
B23: Financial Structure Ratios
B24: Debt/Equity Ratio | C24: Debt/equity
B25: Equity Ratio | C25: Equity/total assets
B26: Times Interest Earned | C26: Earnings before interest & tax/interest
B28: Market Ratios
B29: Earnings per Share (EPS) | C29: Net profit after tax/nos of issued ordinary shares
B30: Dividends per Share (DPS) | C30: Dividends/number of issued ordinary shares
B31: Dividend Yield Ratio | C31: Dividends per share/market price per share
B32: Price Earnings Ratio | C32: Market price per share/earnings per share
B33: Net Asset Backing per Share Ratio | C33: Net assets (owners equity)/number of shares issued
B34: Market/Book Ratio | C34: Market price per share/net asset backing per share | G34: 0.052
B36: Ratios Based on Reformulated Financial Statements
B37: Dividend Payout Ratio | C37: Dividends/comprehensive income
B38: Return on Equity (ROE) | C38: Comprehensive Income/shareholders' equity
B39: Return on Net Operating Assets (RNOA) | C39: Operating income after tax (OI)/net operating assets (NOA)
B40: Net Borrowing Cost (NBC) | C40: Net fin. expenses after tax/net financial obligations
B41: Profit Margin (PM) | C41: Operating income after tax (OI)/sales
B42: Operating Liability Leverage (OLLEV) | C42: Av.operating liabilities/av.net operating assets
B43: Financial Leverage (FLEV) | C43: Av.net financial obligations/av.shareholders' equity
B44: Return on Operating Assets (ROOA) | C44: (OI after tax + implicit interest after tax)/av.operating assets
B45: Operating Liability Leverage Spread (OLSPREAD) | C45: ROOA - short-term borrowing rate (after tax)
B46: Asset Turnover (ATO) | C46: Sales/net operating assets (NOA)
B47: Growth in Sales | C47: Change in sales/prior period's sales
B48: Growth in Operating Income | C48: Change in OI after tax/prior period's OI after tax
... B51: Economic profit | C51: (RNOA - cost of capital) x net operating assets (NOA)
B53: Working Area
B54: This is a place where you can copy and paste formulas, play with calculations and generally have fun whilst being able to see the data you are currently working on.

Sheet Working
B1: Working Area | O1: Notes Area
B2: This is a place where you can copy and paste forumlas, play with calculations and generally have fun without messing up your other worksheets. | O2: This area is designed as a space to write notes to yourself. Hopefully this will save you the hassle of attempting to find the pen and paper that is somewhere in the bottom of your bag.

Sheet NPV & IRR
A1: EXAMPLE FOR WESFARMERS
A3: ALL FIGURES ARE EXPRESSED IN MILLIONS AUD
A5: OPTION 1: BUNNINGS ROCKHAMPTON
A7: Time period | B7: 0 | C7: 1 | D7: 2 | E7: 3 | F7: 4 | G7: 5 | H7: 6 | I7: 7 | J7: 8 | K7: 9 | L7: 10
A8: Cashflow | B8: -77 | C8: -4 | D8: 5 | E8: 15 | F8: 20 | G8: 20 | H8: 20 | I8: 25 | J8: 25 | K8: 10 | L8: =11+2 -> 13
A9: NPV | B9: =NPV(0.1,C8:L8)+B8 -> 5.8784404
A11: IRR | B11: =IRR(B8:L8, 0.1) -> 0.11370811
A13: Time period | B13: 0 | C13: 1 | D13: 2 | E13: 3 | F13: 4 | G13: 5 | H13: 6 | I13: 7 | J13: 8 | K13: 9 | L13: 10
A14: Cashflow | B14: -77 | C14: -4 | D14: 5 | E14: 15 | F14: 20 | G14: 20 | H14: 20 | I14: 25 | J14: 25 | K14: 10 | L14: =11+2 -> 13
A15: Cumulative Cashflow | B15: =B14 -> -77 | C15: =B15+C14 -> -81 | D15: =C15+D14 -> -76 | E15: =D15+E14 -> -61 | F15: =E15+F14 -> -41 | G15: =F15+G14 -> -21 | H15: =G15+H14 -> -1 | I15: =H15+I14 -> 24 | J15: =I15+J14 -> 49 | ... L15: =K15+L14 -> 72
A17: Payback Period | B17: 6 years | C17: =-$H$15/$I$14*365 -> 14.6 | D17: days
C18: =-$H$15/$I$14*12 -> 0.48 | D18: months
C19: =-$H$15/$I$14 -> 0.04 | D19: years
A22: OPTION 2: BUNNINGS MACKAY
A24: Time period | B24: 0 | C24: 1 | D24: 2 | E24: 3 | F24: 4 | G24: 5 | H24: 6 | I24: 7 | J24: 8 | K24: 9 | L24: 10
A25: Cashflow | B25: -135 | C25: -5 | D25: -1 | E25: 10 | F25: 15 | G25: 15 | H25: 20 | I25: 20 | J25: 20 | K25: 25 | L25: =15-1.5 -> 13.5
A26: NPV | B26: =NPV(0.1,C25:L25)+B25 -> -66.609668
A28: IRR | B28: =IRR(B25:L25, 0.1) -> -0.0026354084
A30: Time period | B30: 0 | C30: 1 | D30: 2 | E30: 3 | F30: 4 | G30: 5 | H30: 6 | I30: 7 | J30: 8 | K30: 9 | L30: 10
A31: Cashflow | B31: -135 | C31: -5 | D31: -1 | E31: 10 | F31: 15 | G31: 15 | H31: 20 | I31: 20 | J31: 20 | K31: 25 | L31: =15-1.5 -> 13.5
A32: Cumulative Cashflow | B32: =B31 -> -135 | C32: =B32+C31 -> -140 | D32: =C32+D31 -> -141 | E32: =D32+E31 -> -131 | F32: =E32+F31 -> -116 | G32: =F32+G31 -> -101 | H32: =G32+H31 -> -81 | I32: =H32+I31 -> -61 | J32: =I32+J31 -> -41 | ... L32: =K32+L31 -> -2.5
A34: Payback Period | B34: Investment is never paid back within 10 years
